 Dungeon Crawl Stone Soup version 0.29.1-1-gd02db6906a (webtiles) character file.

Game seed: 11720688878863710872

26856 AttackTheMoon the Cleaver (level 13, -3/122 HPs)
             Began as a Hill Orc Gladiator on Sept 12, 2022.
             Was a Priest of Beogh.
             Slain by a freezing wraith (7 damage)
             ... led by a death knight
             ... on level 14 of the Dungeon on Sept 25, 2022.
             The game lasted 00:28:35 (19449 turns).

AttackTheMoon the Cleaver (Hill Orc Gladiator)     Turns: 19449, Time: 00:28:36

Health: -3/122     AC: 20    Str: 32    XL:     13   Next: 28%
Magic:  21/21      EV: 14    Int:  7    God:    Beogh [***...]
Gold:   1109       SH:  0    Dex: 11    Spells: 12/12 levels left

rFire   . . .      SeeInvis .   a - +1 war axe
rCold   . . .      Faith    .   (no shield)
rNeg    . . .      Spirit   .   k - +0 chain mail
rPois   +          Reflect  .   H - +2 helmet
rElec   .          Harm     .   K - +2 cloak {rPois}
rCorr   .          Rampage  .   y - +0 pair of gloves {Stlth+}
Will    .....                   (no boots)
Stlth   ..........              (no amulet)
HPRegen 0.30/turn               n - +4 ring of evasion
MPRegen 0.17/turn               q - +6 ring of strength

@: slowed, studying Evocations, very slow
A: talons 1, strong 1
a: Renounce Religion, Smiting


You were on level 14 of the Dungeon.
You worshipped Beogh.
Beogh was most pleased with you.
You visited 1 branch of the dungeon, and saw 14 of its levels.

You collected 1109 gold pieces.

Inventory:

Hand Weapons
 a - a +1 war axe (weapon)
 m - the +5 short sword of Desperation {drain, rPois rN++ Will+ Int-4}
   (You found it on level 2 of the Dungeon)

   A truly terrible weapon, it drains the life of any living foe it strikes.
   Int:       It affects your intelligence (-4).
   rPois:     It protects you from poison.
   rN:        It greatly protects you from negative energy.
   Will:      It increases your willpower.
 D - a +0 war axe
 T - the +9 flail "Ocorch" {flame, rPois Stlth+}
   (You found it on level 12 of the Dungeon)

   It burns those it strikes, dealing additional fire damage.
   rPois:     It protects you from poison.
   Stlth:     It makes you more stealthy.
Missiles
 e - a javelin
 g - 4 throwing nets
Armour
 c - a +0 helmet
 h - the +1 pair of gloves of Experimentation {Harm rElec}
   (You found it on level 2 of the Dungeon)

   rElec:     It insulates you from electricity.
   Harm:      It increases damage dealt and taken.
 i - a scarf of invisibility
 k - a +0 chain mail (worn)
 p - a scarf of shadows
 u - a +0 pair of boots
 w - a +0 pair of boots
 y - a +0 pair of gloves of stealth (worn)
 H - a +2 helmet (worn)
 K - a +2 cloak of poison resistance (worn)
 S - +0 acid dragon scales
Jewellery
 j - a ring of ice
 n - a +4 ring of evasion (left hand)
 q - a +6 ring of strength (right hand)
 B - a ring of fire
 O - a ring of ice
 Q - a +4 ring of evasion
 U - a ring of ice
 Y - a ring of fire
Wands
 d - a wand of digging (16)
 t - a wand of polymorph (8)
 v - a wand of roots (24)
 I - a wand of quicksilver (3) (quivered)
 N - a wand of flame (18)
Scrolls
 b - a scroll of amnesia
 l - 2 scrolls of blinking
 s - 3 scrolls of vulnerability
 E - 5 scrolls of identify
 F - 2 scrolls of butterflies
 G - 2 scrolls of fear
 J - a scroll of enchant armour
 L - a scroll of teleportation
 M - a scroll of silence
 X - 2 scrolls of enchant weapon
 Z - a scroll of magic mapping
Potions
 f - 3 potions of cancellation
 o - a potion of magic
 r - 5 potions of flight
 z - 2 potions of lignification
 A - a potion of ambrosia
 C - 5 potions of curing
 P - a potion of haste
 R - a potion of brilliance
 V - a potion of might
Miscellaneous
 x - a lightning rod (4/4)
 W - a condenser vane


   Skills:
 + Level 13.2 Fighting
 + Level 14.6 Axes
 - Level 1.7 Throwing
 + Level 12.0 Armour
 - Level 2.4 Dodging
 + Level 11.0 Invocations
 + Level 8.6 Evocations


You had 12 spell levels left.
You didn't know any spells.
Your spell library contained the following spells:

 Spells                   Type           Power      Damage    Failure   Level
 Magic Dart               Conj           0%         1d3       83%         1
 Necrotise                Necr           0%         1d4       83%         1
 Ensorcelled Hibernation  Hex/Ice        0%         N/A       93%         2
 Passwall                 Tmut/Erth      0%         N/A       93%         2
 Poisonous Vapours        Pois/Air       0%         N/A       93%         2
 Searing Ray              Conj           0%         2d4       93%         2
 Sublimation of Blood     Necr           0%         N/A       93%         2
 Wereblood                Tmut           0%         N/A       93%         2
 Ozocubu's Armour         Ice            0%         N/A       99%         3
 Swiftness                Air            0%         N/A       99%         3
 Vampiric Draining        Necr           0%         2d6       99%         3
 Animate Dead             Necr           0%         N/A       100%        4
 Corpse Rot               Necr/Pois/Air  0%         N/A       100%        4
 Fulminant Prism          Conj/Hex       0%         3d6       100%        4
 Agony                    Necr           0%         N/A       100%        5
 Metabolic Englaciation   Hex/Ice        0%         N/A       100%        5
 Simulacrum               Ice/Necr       0%         N/A       100%        6
 Haunt                    Necr/Summ      0%         N/A       100%        7
 Summon Hydra             Summ           0%         N/A       100%        7
 Borgnjor's Revivificati  Necr           0%         N/A       100%        8
 Infestation              Necr           0%         N/A       100%        8
 Necromutation            Tmut/Necr      0%         N/A       100%        8
 Death's Door             Necr           0%         N/A       100%        9


Dungeon Overview and Level Annotations

Branches:
Dungeon (14/15)            Temple (0/1) D:5            Lair (0/5) D:8
    Orc (0/2) D:11
 Vaults: D:13-14

Altars:
Fedhas
Gozag
Qazlal
Trog
Yredelemnul
The Shining One

Shops:
D:3 *   D:8 [   D:10 :   D:11 [(


Innate Abilities, Weirdness & Mutations

You have sharp toenails.
Your muscles are strong. (Str +4, Int/Dex -1)


Message History

You are too injured to fight recklessly!
You are too injured to fight recklessly!
You are too injured to fight recklessly!
You are too injured to fight recklessly!
You are too injured to fight recklessly!
You are too injured to fight recklessly!
Aiming: Quicksilver Bolt
Press: ? - help, Q - select action, (/) - cycle Shift-Dir - straight line, f - freezing wraith
Aim: a freezing wraith (lightly damaged, 74% to hit)
The bolt of dispelling energy hits the freezing wraith!!
The freezing wraith is severely damaged.
The bolt of dispelling energy hits the freezing wraith!!
The freezing wraith is heavily damaged.
The freezing wraith closely misses you. The freezing wraith hits you.
The freezing wraith drains your vigour!
You feel as though you will be slow longer.
The freezing wraith hits you. The freezing wraith freezes you!!
* * * LOW HITPOINT WARNING * * *
The freezing wraith closely misses you.
The freezing wraith hits you but does no damage. x2
The freezing wraith completely misses you.
The freezing wraith closely misses you.
The freezing wraith attacks as you move away!
The freezing wraith hits you.
* * * LOW HITPOINT WARNING * * *
The freezing wraith freezes you!
* * * LOW HITPOINT WARNING * * *
The freezing wraith hits you!
* * * LOW HITPOINT WARNING * * *
The freezing wraith drains your vigour!
You feel as though you will be slow longer.
Aiming: Quicksilver Bolt
Press: ? - help, Q - select action, (/) - cycle Shift-Dir - straight line, f/p - freezing wraith
Aim: a freezing wraith (severely damaged, 74% to hit)
The bolt of dispelling energy hits the freezing wraith!
The freezing wraith is almost destroyed.
The bolt of dispelling energy hits the freezing wraith!!
The freezing wraith is almost destroyed.
The freezing wraith closely misses you. The freezing wraith hits you!
You die...

#....# ######
##################
.................#
.#####..########.#
###..# #.# ##
#....# ######.#
#.###.#.####.......
#.@WW......+....#..
#.###).#####......#
#.#....# #.....#.
#......# #....#..
#####..# ###....#
...# #.##.. ##.#
#..... .# ###### ##


You could see 2 freezing wraiths.

Vanquished Creatures
  Fannar (D:12)
  4 hydras
  A centaur warrior (D:11)
  A death knight (D:14)
  3 boulder beetles
  3 two-headed ogres
  Nergalle (D:12)
  Pikel (D:5)
  An ugly thing (D:13)
  4 deep elf pyromancers
  2 cyclopes
  A manticore (D:11)
  Maurice (D:9)
  An unseen horror (D:11)
  A freezing wraith (D:14)
  3 trolls
  A wolf spider simulacrum (D:14)
  A tarantella (shapeshifter) (D:13)
  3 hornets
  10 slime creatures
  Grinder (D:5)
  A centaur simulacrum (D:14)
  3 wyverns
  Sigmund (D:5)
  A shadow (D:12)
  A vampire (D:12)
  2 wraiths
  A basilisk (shapeshifter) (D:13)
  2 steam dragons
  A basilisk (D:12)
  6 yaks (D:8)
  9 vampire mosquitoes (D:12)
  6 water moccasins
  An acid dragon (D:12)
  7 orc warriors
  2 sky beasts
  4 ice beasts
  A black bear (D:7)
  3 ogres
  2 lemures
  8 centaurs
  3 phantoms
  4 kobold brigands
  4 bullfrogs
  2 gnoll sergeants (D:6)
  3 necrophages
  7 scorpions
  3 wights
  10 killer bees
  3 howler monkeys
  3 jellies
  5 hounds
  9 orc priests
  Crazy Yiuf (D:2)
  2 gnoll boudas
  2 iguanas
  Ijyb (D:5)
  12 orc wizards
  7 adders
  9 gnolls
  2 shadow imps
  An ufetubus (D:7)
  3 worms
  53 orcs
  6 bats
  7 endoplasms
  7 giant cockroaches
  12 hobgoblins
  27 kobolds
  4 quokkas
  12 ball pythons
  2 frilled lizards (D:2)
  2 goblins
  10 rats
345 creatures vanquished.

Vanquished Creatures (collateral kills)
  A gargoyle (D:10)
  2 orc warriors
  A killer bee (D:10)
  An orc priest (D:11)
  A gnoll (D:9)
  10 orcs
  3 kobolds
19 creatures vanquished.

Vanquished Creatures (others)
  2 orc warriors
  2 orc priests
  4 orc wizards
  13 orcs
  2 fungi (D:8)
  34 plants
57 creatures vanquished.

Grand Total: 421 creatures vanquished

Notes
Turn   | Place    | Note
-------+----------+-------------------------------------------
     0 | D:1      | AttackTheMoon the Hill Orc Gladiator began the quest for
                  | the Orb.
     0 | D:1      | Reached XP level 1. HP: 18/18 MP: 1/1
    94 | D:1      | Found a faded altar of an unknown god.
   173 | D:1      | Reached XP level 2. HP: 21/25 MP: 2/2
   274 | D:1      | Reached skill level 1 in Armour
   699 | D:1      | Reached XP level 3. HP: 31/31 MP: 3/3
  1150 | D:2      | Noticed a phantom
  1162 | D:2      | Gained mutation: Your muscles are strong. (Str +4, Int/Dex
                  | -1) [potion of mutation]
  1162 | D:2      | Gained mutation: Armour fits poorly on your strangely
                  | shaped body. [potion of mutation]
  1162 | D:2      | Lost mutation: Armour fits poorly on your strangely shaped
                  | body. [potion of mutation]
  1162 | D:2      | Gained mutation: You have sharp toenails. [potion of
                  | mutation]
  1181 | D:2      | Killed a phantom
  1182 | D:2      | Reached skill level 5 in Axes
  1182 | D:2      | Reached XP level 4. HP: 17/40 MP: 4/4
  1426 | D:2      | Reached XP level 5. HP: 46/46 MP: 5/5
  1471 | D:2      | Identified the +1 pair of gloves of Experimentation {Harm
                  | rElec}
  1573 | D:2      | Found a runed translucent door.
  1574 | D:2      | Noticed Crazy Yiuf
  1794 | D:2      | Identified the +5 short sword of Desperation {drain, rPois
                  | rN++ Will+ Int-4}
  2470 | D:2      | Killed Crazy Yiuf
  2790 | D:3      | Found Jeosi's Assorted Antiques.
  2806 | D:3      | Reached XP level 6. HP: 53/53 MP: 6/6
  3238 | D:3      | Reached skill level 6 in Axes
  3444 | D:4      | Found a bloodstained altar of Trog.
  3780 | D:4      | Reached skill level 5 in Fighting
  4031 | D:5      | Entered Level 5 of the Dungeon
  4054 | D:5      | Became a worshipper of Beogh the Brigand
  4056 | D:5      | Noticed Sigmund
  4080 | D:4      | Reached XP level 7. HP: 25/61 MP: 7/7
  4265 | D:5      | Noticed Grinder
  4625 | D:4      | Reached skill level 7 in Axes
  4730 | D:5      | Reached skill level 5 in Armour
  4786 | D:5      | Reached XP level 8. HP: 71/71 MP: 8/8
  5084 | D:5      | Killed Sigmund
  5085 | D:5      | Reached skill level 8 in Axes
  5100 | D:5      | Paralysed by Grinder for 3 turns
  5115 | D:5      | Killed Grinder
  5354 | D:5      | Found a glowing golden altar of the Shining One.
  5354 | D:5      | Found an opulent altar of Gozag.
  5355 | D:5      | Found a basalt altar of Yredelemnul.
  5446 | D:5      | Found a staircase to the Ecumenical Temple.
  5653 | D:6      | Reached skill level 9 in Axes
  5712 | D:6      | Reached * piety under Beogh
  5920 | D:6      | Reached XP level 9. HP: 67/81 MP: 9/9
  5997 | D:6      | Noticed Pikel
  6393 | D:5      | Killed Pikel
  6394 | D:5      | Reached skill level 10 in Axes
  6435 | D:5      | Noticed Ijyb
  6580 | D:5      | Killed Ijyb
  6693 | D:6      | Reached skill level 1 in Invocations
  7334 | D:6      | Reached ** piety under Beogh
  7776 | D:7      | Reached skill level 1 in Evocations
  7845 | D:7      | Found a stormy altar of Qazlal.
  7874 | D:7      | Reached XP level 10. HP: 74/91 MP: 12/12
  8220 | D:7      | Reached skill level 11 in Axes
  9210 | D:6      | Reached skill level 5 in Invocations
  9215 | D:6      | Reached skill level 10 in Fighting
  9660 | D:7      | Reached *** piety under Beogh
 10441 | D:8      | Reached XP level 11. HP: 101/101 MP: 15/15
 10472 | D:8      | Reached skill level 12 in Axes
 10887 | D:8      | Found a staircase to the Lair.
 11235 | D:8      | Found Taipn's Armour Emporium.
 11762 | D:9      | Noticed a two-headed ogre
 11773 | D:9      | Killed a two-headed ogre
 12356 | D:9      | Noticed Maurice
 12361 | D:9      | Killed Maurice
 12362 | D:9      | Reached skill level 10 in Armour
 12362 | D:9      | Reached skill level 5 in Evocations
 13069 | D:10     | Entered Level 10 of the Dungeon
 13426 | D:10     | Found Vuxe's Vocational Training.
 14010 | D:11     | Noticed a boulder beetle
 14013 | D:11     | Killed a boulder beetle
 14194 | D:11     | Found a blossoming altar of Fedhas.
 14230 | D:11     | Noticed a manticore
 14236 | D:11     | Killed a manticore
 14245 | D:11     | Found Suukesh's Armour Boutique.
 14358 | D:11     | Found a staircase to the Orcish Mines.
 14360 | D:11     | Found Gieluwk's Weapon Boutique.
 14686 | D:11     | Noticed a cyclops
 14695 | D:11     | Killed a cyclops
 14710 | D:11     | Noticed a centaur warrior
 14722 | D:11     | Killed a centaur warrior
 14723 | D:11     | Reached skill level 13 in Axes
 15069 | D:12     | Noticed an eight-headed hydra
 15243 | D:12     | Upgraded the game from 0.29.1 to 0.29.1-1-gd02db6906a
 15279 | D:12     | Reached XP level 12. HP: 97/111 MP: 18/18
 15838 | D:12     | Identified the +9 flail "Ocorch" {flame, rPois Stlth+}
 16041 | D:12     | Killed an eight-headed hydra
 16126 | D:12     | Noticed Fannar
 16135 | D:12     | Killed Fannar
 16651 | D:12     | Noticed Nergalle
 16652 | D:12     | Noticed a boulder beetle
 16662 | D:12     | Killed Nergalle
 16684 | D:12     | Killed a boulder beetle
 17118 | D:13     | Reached skill level 10 in Invocations
 17121 | D:13     | Reached skill level 14 in Axes
 17902 | D:13     | Noticed a two-headed ogre
 17909 | D:13     | Killed a two-headed ogre
 18289 | D:13     | Identified a scroll of acquirement
 18289 | D:13     | Acquired a manual of Evocations
 18345 | D:14     | Noticed a six-headed hydra
 18348 | D:14     | Killed a six-headed hydra
 18349 | D:14     | Reached XP level 13. HP: 119/119 MP: 20/20
 19448 | D:14     | HP: 4/122 [freezing wraith[a death knight] (7)]
 19449 | D:14     | Slain by a freezing wraith

Illustrated notes

Levels and vault maps discovered:
D:1:      minmay_arrival_stair_chambers, layout_basic,
          nicolae_ecumenical_snake_handling
D:2:      layout_basic, uniq_crazy_yiuf_cottage
D:3:      minmay_wonky_spiral, layout_rooms, serial_shops,
          nicolae_shop_overgrown_old_shop, minmay_pentomino_pile
D:4:      layout_basic, mainiacjoe_overflow_catwalk, abandoned_shop,
          kennysheep_flooded_box
D:5:      dreamdust_elfheim, layout_rooms, gammafunk_temple_overflow_forgotten,
          minmay_temple_entry_glassed_door, uniq_grinder, uniq_sigmund,
          uniq_ijyb
D:6:      kennysheep_housing_project, layout_rooms, wad_floor_pattern_1,
          uniq_pikel
D:7:      minmay_s_stair_smasher, layout_cave_pools, grunt_qazlal_sundering,
          minmay_joined_circles
D:8:      minmay_octagon_keep, layout_basic, minmay_lair_entry_grove,
          serial_shops, nicolae_lakefront_shop
D:9:      layout_basic, special_room [special_room_orc], uniq_maurice
D:10:     layout_gridville, nicolae_shop_vocational
D:11:     layout_cross, orc_david_3, minmay_crystal_room, fedhas_altar_4
D:12:     layout_rooms, uniq_nergalle, uniq_fannar
D:13:     layout_loops_corners
D:14:     layout_basic, david_vaults_2, minmay_misc_feat_diagonals

Skill      XL: |  1  2  3  4  5  6  7  8  9 10 11 12 13 |
---------------+----------------------------------------+-----
Armour         | 1 2 3 4 5 6 8 9 10 11 12 | 12.0
Fighting       | 3 4 5 6 7 9 10 11 12 13 | 13.2
Axes           | 5 6 7 9 10 11 13 14 | 14.6
Invocations    | 3 6 8 10 11 | 11.0
Evocations     | 1 4 6 7 8 |  8.6
Throwing       | |  1.7
Dodging        | |  2.4

Action                   |  1- 3 |  4- 6 |  7- 9 | 10-12 | 13-15 || total
-------------------------+-------+-------+-------+-------+-------++-------
Melee: War axe           |   118 |   164 |   268 |   612 |    44 ||  1206
       Kick              |     3 |    31 |    65 |   176 |    17 ||   292
       Punch             |       |     2 |     1 |     4 |     3 ||    10
Throw: Throwing net      |       |       |     4 |       |       ||     4
Invok: Convert to Beogh  |       |     1 |       |       |       ||     1
       Smiting           |       |       |       |    18 |       ||    18
Evoke: Wand              |       |       |       |    19 |    17 ||    36
  Use: Potion            |     4 |       |     4 |     3 |       ||    11
       Scroll            |     1 |     8 |     8 |     9 |     2 ||    28
 Stab: Distracted        |       |       |       |     2 |       ||     2
Armor: Leather armour    |    27 |       |       |       |       ||    27
       Chain mail        |    32 |    99 |   139 |   366 |    20 ||   656
Dodge: Dodged            |   104 |    99 |   204 |   444 |    38 ||   889
